 Dungeon Crawl Stone Soup version 0.30-a0-878-gc727b3d3d6 (webtiles) character file.

Game seed: 6910195233433952879

231 IndexError the Firebug (level 6, 0/32 HPs)
             Began as a Gargoyle Fire Elementalist on Mar 12, 2023.
             Slain by Duvessa
             ... wielding a +0 short sword
              (10 damage)
             ... on level 4 of the Dungeon.
             The game lasted 00:08:34 (4761 turns).

IndexError the Firebug (Gargoyle Fire Elementalist) Turns: 4761, Time: 00:08:34

Health: 0/32       AC:  7    Str: 12    XL:     6   Next: 3%
Magic:  0/12       EV: 12    Int: 20    God:
Gold:   174        SH:  0    Dex: 13    Spells: 7/13 levels left

rFire   . . .      SeeInvis +    h - +0 dagger
rCold   . . .      Faith    .    (no shield)
rNeg    + . .      Spirit   +    a - +0 robe
rPois   ∞          Reflect  .    (no helmet)
rElec   +          Rampage  .    k - +0 cloak
rCorr   +                        (no gloves)
Will    .....                    (no boots)
Stlth   ++                       j - amulet "Zoqugian" {Spirit rElec SInv}
HPRegen 0.25/turn                o - ring "Esixkomn" {rCorr Int+3 Dex+3}
MPRegen 0.13/turn                (no ring)

@: no status effects
A: sickness immunity, AC +4, negative energy resistance 1, electricity
resistance, torment resistance 1, petrification resistance
a: no special abilities


You were on level 4 of the Dungeon.
You visited 1 branch of the dungeon, and saw 4 of its levels.

You collected 174 gold pieces.

Inventory:

Hand Weapons
 h - a +0 dagger (weapon)
   (You took it off a kobold on level 1 of the Dungeon)
Missiles
 m - a throwing net {=f, !d}
Armour
 a - a +0 robe (worn)
 k - a +0 cloak (worn)
   (You found it on level 2 of the Dungeon)
Magical Staves
 c - a staff of poison {rPois}
   (You found it on level 1 of the Dungeon)
Jewellery
 j - the amulet "Zoqugian" (around neck) {Spirit rElec SInv}
   (You found it on level 2 of the Dungeon)

   [amulet of guardian spirit]

   It causes incoming damage to be divided between your reserves of health and
   magic.
   rElec:     It insulates you from electricity.
   SInv:      It lets you see invisible.
 o - the ring "Esixkomn" (left hand) {rCorr Int+3 Dex+3}
   (You found it on level 3 of the Dungeon)

   [ring of resist corrosion]

   Int:       It affects your intelligence (+3).
   Dex:       It affects your dexterity (+3).
   rCorr:     It protects you from acid and corrosion.
Scrolls
 f - a scroll of silence {unknown}
 g - a scroll of enchant armour {unknown}
 i - a scroll of amnesia {unknown}
 l - a scroll of identify {unknown}
 p - a scroll of immolation {unknown}
 r - a scroll of enchant weapon {unknown}
 u - a scroll of torment {unknown}
 w - a scroll of teleportation {unknown}
Potions
 b - a potion of magic
 d - 4 potions of degeneration {unknown}
 e - a potion of invisibility {unknown}
 n - a potion of might {unknown}
 q - a potion of attraction {unknown}
 s - a potion of ambrosia {unknown}
 t - a potion of heal wounds {unknown}
 v - a potion of curing {unknown}
 x - a potion of cancellation {unknown}


   Skills:
 - Level 1.3 Armour
 - Level 2.0 Dodging
 - Level 2.1 Stealth
 * Level 4.0 Spellcasting
 - Level 2.0 Conjurations
 + Level 4.3 Fire Magic


You had 7 spell levels left.
You knew the following spells:

 Your Spells              Type           Power      Damage    Failure   Level
a - Foxfire               Conj/Fire      64%        2x1d7     3%          1
b - Scorch                Fire           42%        2d7       3%          2
c - Kindle Blastsparks    Fire/Tloc/Air  18%        2d11      22%         3

Your spell library contained the following spells:

 Spells                   Type           Power      Damage    Failure   Level
 Inner Flame              Hex/Fire       12%        N/A       16%         3
 Dazzling Flash           Conj/Hex       16%        N/A       26%         3
 Flame Wave               Conj/Fire      16%        2d7       34%         4
 Iskenderun's Mystic Bla  Conj/Tloc      8%         2d4       63%         4
 Starburst                Conj/Fire      8%         6d4       99%         6


Dungeon Overview and Level Annotations

Branches:
Dungeon (4/15)
 Temple: D:4-7

Altars:

Shops:
D:4 [

Annotations:
D:4 Duvessa, Ijyb


Innate Abilities, Weirdness & Mutations

You are immune to sickness and miasma.
Your stone body is resilient. (AC +4)
You are immune to poison.
You resist negative energy. (rN+)
You are resistant to electric shocks. (rElec)
You are resistant to unholy torment.
You are immune to petrification.


Message History

You now have 7/10 mp.
Casting: Scorch (safe; 3% risk of failure)
Confirm with . or Enter, or press ? or * to list all spells.
Flames lash Duvessa.
Duvessa is burned terribly!
Duvessa barely misses you.
You now have 5/10 mp.
Casting: Scorch (safe; 3% risk of failure)
Confirm with . or Enter, or press ? or * to list all spells.
Flames lash Duvessa but do no damage.
Duvessa hits you but does no damage.
You now have 3/10 mp.
Casting: Scorch (safe; 3% risk of failure)
Confirm with . or Enter, or press ? or * to list all spells.
Flames lash Duvessa.
Duvessa is burned terribly!
Duvessa hits you with a +0 short sword.
You take 5 damage, and have 23/28 hp.
You now have 1/10 mp.
Casting: Scorch (safe; 3% risk of failure)
Confirm with . or Enter, or press ? or * to list all spells.
Okay, then.
You barely miss Duvessa. Duvessa hits you but does no damage.
You barely miss Duvessa. Duvessa hits you with a +0 short sword.
You take 4 damage, and have 19/28 hp.
You hit Duvessa but do no damage. Duvessa hits you with a +0 short sword.
Casting: Scorch (safe; 3% risk of failure)
Confirm with . or Enter, or press ? or * to list all spells.
Flames lash Dowan.
Dowan's fire resistance burns away.
Dowan points at Duvessa and mumbles some strange words.
Duvessa seems to speed up.
Duvessa hits you but does no damage.
You now have 0/10 mp.
You barely miss Duvessa. Duvessa completely misses you.
Dowan says, "Stay away from my face!"
Duvessa hits you with a +0 short sword.
You take 4 damage, and have 15/28 hp.
You hit Duvessa but do no damage. Duvessa hits you but does no damage.
You hit Duvessa but do no damage.
Duvessa says, "When magic and the sword combine, nothing stands against them."
Duvessa hits you with a +0 short sword!
* * * LOW HITPOINT WARNING * * *
Duvessa barely misses you.
You take 9 damage, and have 6/28 hp.
MASSIVE DAMAGE!!
You hit Duvessa. Duvessa hits you but does no damage.
You hit Duvessa but do no damage. Duvessa hits you but does no damage. x2
You barely miss Duvessa.
Dowan is no longer more vulnerable to fire.
Duvessa hits you but does no damage.
You hit Duvessa but do no damage. Duvessa barely misses you.
Duvessa hits you but does no damage.
You hit Duvessa but do no damage. Duvessa barely misses you.
You hit Duvessa. Duvessa hits you with a +0 short sword.
* * * LOW HITPOINT WARNING * * *
Duvessa hits you with a +0 short sword.
* * * LOW HITPOINT WARNING * * *
You take 4 damage, and have 4/28 hp.
You now have 0/10 mp.
Duvessa hits you but does no damage.
You climb upwards.
There is a stone staircase leading down here.
Magic restored.
HP restored.
Done exploring.
Health restored: 28; MP restored: 10 You climb downwards.
Level annotation: Dowan, Duvessa, Ijyb Duvessa hits you but does no damage.
Dowan says, "My weaknesses are her strengths!"
Duvessa closely misses you.
There is a stone staircase leading up here.
Casting: Scorch (safe; 3% risk of failure)
Confirm with . or Enter, or press ? or * to list all spells.
Flames lash Duvessa.
Duvessa's fire resistance burns away.
Dowan closely misses you. Duvessa hits you with a +0 short sword.
You take 3 damage, and have 25/28 hp.
You now have 7/10 mp.
Casting: Scorch (safe; 3% risk of failure)
Confirm with . or Enter, or press ? or * to list all spells.
Flames lash Dowan.
Dowan's fire resistance burns away.
Dowan hits you but does no damage. Duvessa hits you with a +0 short sword.
You now have 5/10 mp.
Casting: Scorch (safe; 3% risk of failure)
Confirm with . or Enter, or press ? or * to list all spells.
Flames lash Dowan.
Dowan is burned terribly!
Duvessa is no longer more vulnerable to fire.
Dowan mumbles some strange words.
Dowan blinks!
Duvessa hits you with a +0 short sword!
You take 8 damage, and have 17/28 hp.
MASSIVE DAMAGE!!
You now have 3/10 mp.
Casting: Scorch (safe; 3% risk of failure)
Confirm with . or Enter, or press ? or * to list all spells.
Flames lash Duvessa.
Duvessa's fire resistance burns away.
Duvessa hits you with a +0 short sword.
You take 6 damage, and have 11/28 hp.
MASSIVE DAMAGE!!
You now have 1/10 mp.
Casting: Scorch (safe; 3% risk of failure)
Confirm with . or Enter, or press ? or * to list all spells.
You conjure some foxfire!
Duvessa closely misses you.
Dowan says, "My weaknesses are her strengths!"
You now have 0/10 mp.
You hit Duvessa but do no damage.
The foxfire hits Duvessa.
Duvessa is burned terribly!
The foxfire hits Dowan.
Dowan is burned terribly!
Duvessa screams in rage.
Duvessa goes berserk!
Duvessa hits you with a +0 short sword.
Your Spellcasting skill increases to level 4!
You have reached level 6!
You take 1 damage, and have 10/32 hp.
You hit Duvessa but do no damage. Duvessa hits you with a +0 short sword!
You die...

... #.# ######## #.#
#.e....# #.# #@####.#
#.# #.####.# #.#
######).∩##.# #.####
...........#>#####>...##
#######∩.∩.........###.#
############.# #..
#.###.# ##...## ##^###


You could see Duvessa (berserk, combustible).

Vanquished Creatures
  Dowan (D:4)
  An iguana (D:4)
  Terence (D:3)
  7 adders
  A worm (D:2)
  2 dart slugs (D:2)
  2 orcs (D:3)
  4 endoplasms
  5 giant cockroaches
  5 goblins
  5 hobgoblins
  3 jackals (D:2)
  5 kobolds
  3 quokkas (D:3)
  6 ball pythons
  3 bats
  2 frilled lizards
  2 rats
58 creatures vanquished.

Vanquished Creatures (others)
  192 foxfires
192 creatures vanquished.

Grand Total: 250 creatures vanquished

Notes
Turn   | Place    | Note
-------+----------+-------------------------------------------
     0 | D:1      | IndexError the Gargoyle Fire Elementalist began the quest
                  | for the Orb.
     0 | D:1      | Reached XP level 1. HP: 10/10 MP: 3/3
   239 | D:1      | Reached XP level 2. HP: 15/15 MP: 0/5
   730 | D:1      | HP: 3/15 [frozen (4)]
  1173 | D:2      | Reached skill level 1 in Armour
  1235 | D:2      | Identified the amulet "Zoqugian" {Spirit rElec SInv}
  1365 | D:2      | Reached XP level 3. HP: 19/19 MP: 2/6
  1407 | D:2      | Reached skill level 2 in Dodging
  1407 | D:2      | Reached skill level 2 in Conjurations
  1668 | D:2      | Reached XP level 4. HP: 24/24 MP: 1/7
  1753 | D:2      | Learned a level 2 spell: Scorch
  1757 | D:2      | Learned a level 3 spell: Kindle Blastsparks
  2618 | D:3      | Identified the ring "Esixkomn" {rCorr Int+3 Dex+3}
  2680 | D:3      | Noticed Terence
  3487 | D:3      | Reached skill level 3 in Spellcasting
  3926 | D:3      | Killed Terence
  3927 | D:3      | Reached skill level 4 in Fire Magic
  3927 | D:3      | Reached XP level 5. HP: 28/28 MP: 0/9
  4082 | D:4      | Found Yloaply's Armour Shoppe.
  4229 | D:4      | Noticed Ijyb
  4256 | D:4      | HP: 2/28 [Ijyb/iceblast (6)]
  4600 | D:4      | Noticed Duvessa
  4600 | D:4      | Noticed Dowan
  4648 | D:4      | HP: 6/28 [Duvessa/+0 short sword (9)]
  4654 | D:4      | HP: 5/28 [Duvessa/+0 short sword (3)]
  4760 | D:4      | Killed Dowan
  4761 | D:4      | Reached skill level 4 in Spellcasting
  4761 | D:4      | Reached XP level 6. HP: 10/32 MP: 0/12
  4761 | D:4      | Slain by Duvessa

Illustrated notes

Levels and vault maps discovered:
D:1:      saegor_arrival_simple_d, layout_basic
D:2:      layout_basic
D:3:      layout_basic, hangedman_decor_clover_reticule, uniq_terence
D:4:      layout_loops_cross, serial_shops,
          nicolae_shop_competitors_out_of_business, uniq_ijyb, uniq_duvessa,
          uniq_menkaure

Skill      XL: |  1  2  3  4  5 |
---------------+----------------+-----
Armour         | 1 |  1.3
Dodging        | 2 |  2.0
Conjurations   | 2 |  2.0
Spellcasting   | 3 4 |  4.0
Fire Magic     | 4 |  4.3
Stealth        | |  2.1

Action                     |  1- 3 |  4- 6 || total
---------------------------+-------+-------++-------
  Melee: Unarmed           |     9 |       ||     9
         Punch             |     1 |       ||     1
         Dagger            |    10 |    50 ||    60
   Cast: Foxfire           |    50 |    64 ||   114
         Scorch            |       |    17 ||    17
 Armour: Robe              |     3 |    24 ||    27
  Dodge: Dodged            |    23 |    41 ||    64

Table legend: (Time is in decaauts)
 A = Elapsed time spent in this place.
 B = Non-inter-level travel time spent in this place.
 C = Inter-level travel time spent in this place.
 D = Time resting spent in this place.
 E = Time spent auto-exploring this place.
 F = Levels seen in this place.
 G = Mean time per level.
                   A        B        C        D        E       F      G
               +--------+--------+--------+--------+--------+-----+--------+
         Total |   4764 |   4353 |    411 |      0 |   3785 |   4 | 1191.0 |
       Dungeon |   4764 |   4353 |    411 |      0 |   3785 |   4 | 1191.0 |
               +--------+--------+--------+--------+--------+-----+--------+

Top non-repeatable levels by time:
     D:3: 1967 daAuts
     D:2: 1251 daAuts
     D:1: 1155 daAuts
     D:4: 390 daAuts

Table legend:
 A = Kills in this place as a percentage of kills in the entire game.
 B = Kills by you in this place as a percentage of kills by you in the entire game.
 C = Kills by friends in this place as a percentage of kills by friends in the entire game.
 D = Other kills in this place as a percentage of other kills in the entire game.
 E = Experience gained in this place as a percentage of experience gained in the entire game.
 F = Experience gained in this place divided by the number of levels of this place that you have seen.
                   A       B       C       D       E      F
               +-------+-------+-------+-------+-------+----------------------
         Total | 100.0 | 100.0 |   N/A |   N/A | 100.0 |  82.5
       Dungeon | 100.0 | 100.0 |   N/A |   N/A | 100.0 |  82.5
               +-------+-------+-------+-------+-------+----------------------
